AoeStats
← pollitorampa

Pilgrims

509172826Analyzed
4v4 RM · 5d ago on Sep 25, 2026· 21m 58s· 8 players
Game mode
Random Map
Map size
Large (8 player)
Population
200
Speed
Normal
Resources
Standard
Victory
Conquest
Starting age
Dark Age
Ending age
Imperial Age
RankedLock teamsTeams togetherTeam positionsShared explorationLock speedFull tech treeHidden civsTurbo modeCheats
Victory
Defeat
🇺🇸 Franks · United States
1140
+15
🇳🇱 Bengalis · Netherlands
1097
+17
🇺🇸 Danes · United States
1080
+18
🇧🇪 Spanish · Belgium
1058
+19
🇦🇷 Khmer · Argentina
1224
-21
🇦🇷 Danes · Argentina
1130
-18
🇦🇷 Portuguese · Argentina
1125
-17
🇦🇷 Goths · Argentina
1013
-13
tmams33
6:38 Loom
15:12 Feudal Age
19:35 Castle Age
18:20 Double-Bit Axe
18:35 Horse Collar
MonsterSmeat
5:29 Loom
12:40 Feudal Age
17:34 Forging
17:29 Scale Barding Armor
18:58 Fletching
viahortus
11:38 Feudal Age
12:54 Loom
15:22 Castle Age
13:45 Double-Bit Axe
15:04 Fishing Lines
15:54 Gold Mining
16:28 Medium Warships
16:45 Gillnets
19:34 Stone Mining
21:20 Bow Saw
20:52 Horse Collar
21:53 Fletching
23:03 Gold Shaft Mining
PERE NOEL
8:35 Loom
12:03 Feudal Age
16:19 Castle Age
16:59 Fishing Lines
LucasViola27
15:08 Feudal Age
13:26 Loom
15:24 Man-at-Arms
16:24 Arson
19:07 Scale Mail Armor
18:58 Fletching
Ludwig von Pato
4:40 Loom
12:57 Feudal Age
14:11 Fishing Lines
15:29 Gold Mining
17:33 Wheelbarrow
16:55 Fletching
17:23 Double-Bit Axe
20:39 Man-at-Arms
pollitorampa
10:20 Loom
12:25 Feudal Age
18:16 Fletching
20:34 Wheelbarrow
19:48 Town Watch
[BoB] Leeport
4:25 Loom
14:49 Feudal Age
24:14 Castle Age
Connection lost

Rejoining the realm…

Still unreachable

The connection could not be restored.

Session expired

The server has moved on; the page needs a fresh start.